 Dungeon Crawl Stone Soup version 0.20-a0-1089-g3fde505 (webtiles) character file.

128592 KrozogBurug the Bludgeoner (level 17, -1/249 HPs)
             Began as an Ogre Wizard on May 3, 2017.
             Was the Champion of Vehumet.
             Slain by a redback (11 damage)
             ... on level 1 of the Spider Nest.
             The game lasted 03:45:52 (49767 turns).

KrozogBurug the Bludgeoner (Ogre Wizard)           Turns: 49767, Time: 03:45:53

Health: -1/249     AC: 13    Str: 15    XL:     17   Next: 3%
Magic:  26/36      EV:  4    Int: 24    God:    Vehumet [******]
Gold:   2079       SH:  0    Dex:  8    Spells: 8/30 levels left

rFire    + + +     SeeInvis .   S - +6 morningstar of Gin and Tonic {freeze, MP+9 Dex+3}
rCold    . . .     Gourm    .   (no shield)
rNeg     . . .     Faith    +   p - +0 fire dragon scales
rPois    +         Spirit   .   P - +0 hat of Tomojael {rPois rF+ Str-5}
rElec    .         Reflect  .   G - scarf {rC+}
rCorr    .         Harm     .   (gloves unavailable)
MR       ++...                  (boots unavailable)
Stlth    ..........             E - amulet of faith
Regen    0.0/turn               g - ring of wizardry
MPRegen  0.3/turn               e - +4 ring of protection

@: confused, berserking (expiring), lethally poisoned (-1 -> -60), held, very
quick
A: unfitting armour, clumsy 1, magic resistance 1, poison resistance, inhibited
regeneration, tough skin 1, wild magic 3, no potion heal 1
a: Renounce Religion


You were on level 1 of the Spider Nest.
You worshipped Vehumet.
Vehumet was exalted by your worship.
You were not hungry.

You visited 5 branches of the dungeon, and saw 24 of its levels.
You also visited: Labyrinth and Bailey.

You collected 3518 gold pieces.
You spent 1439 gold pieces at shops.

Inventory:

Hand Weapons
 B - a cursed +1 giant spiked club of draining
 S - the +6 morningstar of Gin and Tonic (weapon) {freeze, MP+9 Dex+3}
   (You found it on level 6 of the Lair of Beasts)

   It has been specially enchanted to freeze those struck by it, causing extra
   injury to most foes and up to half again as much damage against particularly
   susceptible opponents.
   It can also slow down cold-blooded creatures.
   It affects your dexterity (+3).
   It affects your magic capacity (+9).
Missiles
 v - a throwing net
 D - 8 large rocks (quivered)
Armour
 p - +0 fire dragon scales (worn)
 z - a +0 robe of positive energy
 G - a scarf of cold resistance (worn)
 P - the +0 hat of Tomojael (worn) {rPois rF+ Str-5}
   (You acquired it on level 12 of the Dungeon)

   It affects your strength (-5).
   It protects you from fire.
   It protects you from poison.
Jewellery
 e - a +4 ring of protection (right hand)
 g - a ring of wizardry (left hand)
 A - an uncursed amulet of magic regeneration {unknown}
 E - an amulet of faith (around neck)
 K - an uncursed amulet of the gourmand {unknown}
Wands
 d - a wand of acid (0/15)
 s - a wand of iceblast (7/15)
 w - a wand of iceblast (5/15)
 H - a wand of confusion (13/48)
 Q - a wand of iceblast (5/15)
Scrolls
 a - a scroll of amnesia
 b - a scroll of identify
 f - a scroll of enchant weapon
 j - 2 scrolls of magic mapping
 q - a scroll of remove curse
 y - 3 scrolls of recharging
 I - 5 scrolls of teleportation
 L - a scroll of fog
 M - 3 scrolls of immolation
 T - 3 scrolls of enchant armour
Potions
 c - a potion of haste
 i - 5 potions of curing
 k - a potion of berserk rage
 m - 3 potions of mutation
 n - 3 potions of lignification
 o - a potion of cancellation {unknown}
 r - 3 potions of might
 u - 3 potions of agility
 x - 5 potions of brilliance
 C - a potion of invisibility
 J - a potion of resistance
Books
 N - a book of the Warp

   Spells                             Type                      Level
   a - Gell's Gravitas                Translocation                3
   b - Portal Projectile              Hexes/Translocation          3
   c - Force Lance                    Conjuration/Translocation    4
   d - Dispersal                      Translocation                6
   e - Controlled Blink               Translocation                8
   f - Disjunction                    Translocation                8
Miscellaneous
 F - a crystal ball of energy
Comestibles
 l - 6 meat rations
 t - a royal jelly


   Skills:
 - Level 10.0 Fighting
 + Level 17.3 Maces & Flails
 - Level 1.7 Dodging
 - Level 1.4 Stealth
 - Level 7.0 Spellcasting
 - Level 12.0 Conjurations
   Level 0.8 Summonings
 - Level 4.2 Necromancy
 - Level 3.1 Translocations
 - Level 10.2 Fire Magic
 - Level 4.0 Ice Magic
 * Level 6.3 Air Magic
 - Level 6.0 Evocations


You had 8 spell levels left.
You knew the following spells:

 Your Spells              Type           Power        Failure   Level  Hunger
a - Animate Skeleton      Necr           N/A          9%          1    None
b - Blink                 Tloc           N/A          17%         2    None
c - Fireball              Conj/Fire      #######...   3%          5    #####..
d - Mephitic Cloud        Conj/Pois/Air  ######..     3%          3    None
f - Freezing Cloud        Conj/Ice/Air   ######....   41%         6    ######.
g - Lightning Bolt        Conj/Air       #######...   7%          5    #####..


Dungeon Overview and Level Annotations

Branches:
Dungeon (14/15)            Temple (1/1) D:4            Lair (6/6) D:9
 Shoals (0/4) Lair:2       Spider (1/4) Lair:3        Slime (0/5) Lair:5
    Orc (2/2) D:9             Elf (0/3) Orc:2        Vaults (0/5) D:14

Altars:
Ashenzari
Cheibriados
Dithmenos
Elyvilon
Fedhas
Gozag
Hepliaklqana
Kikubaaqudgha
Makhleb
Nemelex Xobeh
Okawaru
Qazlal
Ru
Sif Muna
Trog
Uskayaw
Vehumet
Wu Jian
Xom
Yredelemnul
Zin
The Shining One
Beogh

Shops:
D:7 [   D:8 *   D:11 (   D:12 (   Orc:1 *   Orc:2 %![(}

Annotations:
D:3 Grinder
D:12 1 runed door


Innate Abilities, Weirdness & Mutations

You are too large for most types of armour.
You have tough skin. (AC +1)
You are clumsy. (Dex -2)
You are resistant to hostile enchantments. (MR+)
Your system is resistant to poisons. (rPois)
You do not regenerate when monsters are visible.
Your spells are much harder to cast, but much more powerful.
Potions are less effective at restoring your health.


Message History

The redback bites you!
* * * LOW HITPOINT WARNING * * *
You sock the redback! You freeze the redback.
The redback is almost dead.
* * * LOW HITPOINT WARNING * * *
You feel sick.
The demonic crawler hits you but does no damage.
The demonic crawler hits you!
* * * LOW HITPOINT WARNING * * *
The demonic crawler hits you.
* * * LOW HITPOINT WARNING * * *
The jumping spider pounces on you!
* * * LOW HITPOINT WARNING * * *
You are caught in a web!
The jumping spider barely misses you.
You are too berserk!
You struggle to detach yourself from the web.
* * * LOW HITPOINT WARNING * * *
You feel very sick. The redback bites you!
You die...

.....................
.........^....(.......$.
...............^........
.........[............?.
.......^................
........................
........................
................ss......
................@s.†....
................†s......
........................
...............^........
........................
........................
......................^.
........................
.....................


You could see a demonic crawler, a jumping spider, a tarantella and a redback.

Vanquished Creatures
  Kirke (Lair:5)
  An emperor scorpion (Spider:1)
  An orc warlord (D:9)
  2 fire dragons
  A minotaur (Lab)
  The ghost of Dmitry the Quickloader, a journeyman CeHu of Gozag (Lair:2)
  10 hydras
  A vault guard (D:14)
  A merfolk avatar (Lair:6)
  2 centaur warriors (D:14)
  A death knight (D:14)
  A catoblepas (Lair:5)
  4 ogre magi (Orc:2)
  21 two-headed ogres
  The ghost of Toogi the Carver, a novice DrAr (Bailey)
  The ghost of Dmitry the Quickloader, a novice CeHu of Gozag (D:7)
  A tengu warrior (D:14)
  3 death yaks
  An orc high priest (Orc:1)
  Urug (Lair:3)
  A fire crab (Lair:5)
  A skeletal warrior (D:14)
  A sea snake (Lair:5)
  3 unseen horrors
  An orange crystal statue (D:12)
  A deep elf archer (D:14)
  Pikel (D:8)
  An orb spider (Spider:1)
  A deep elf mage (D:12)
  2 cyclopes
  21 ugly things
  A salamander (Lair:5)
  An orc knight (Orc:1)
  2 oklob plants
  4 wolf spiders
  2 manticores
  3 slime creatures
  7 black mambas
  A merfolk siren (Lair:2)
  25 elephants
  21 spiny frogs
  2 gargoyles
  5 rime drakes (Lair:5)
  A torpor snail (Lair:5)
  2 freezing wraiths (D:14)
  9 komodo dragons
  A kobold demonologist (D:11)
  A tengu conjurer (D:14)
  6 trolls
  3 hornets
  4 polar bears
  A minotaur skeleton (Lab)
  18 hippogriffs
  13 blink frogs
  A blink frog (shapeshifter) (D:14)
  A meliai zombie (D:14)
  A vampire (D:11)
  A spriggan (D:11)
  13 wyverns
  3 redbacks (Spider:1)
  6 hogs (Lair:5)
  3 wraiths
  Sigmund (D:4)
  77 yaks
  11 basilisks
  A steam dragon (D:8)
  4 wargs
  2 hell hounds (Lair:5)
  14 water moccasins
  Duvessa (D:5)
  11 porcupines
  24 orc warriors
  3 black bears
  8 ice beasts
  8 sky beasts
  4 slaves (D:9)
  36 ogres
  A phantom (D:8)
  2 necrophages (D:9)
  11 wolves
  16 centaurs
  8 crocodiles
  7 big kobolds
  2 gnoll sergeants (D:9)
  24 bullfrogs
  10 scorpions
  Dowan (D:5)
  4 killer bees (D:13)
  18 wights
  6 howler monkeys
  4 crimson imps
  2 quasits
  A centaur zombie (D:8)
  6 hounds
  3 jellies
  24 orc priests
  4 bullfrog skeletons
  2 centaur skeletons
  6 iguanas
  Natasha (thrice) (D:2)
  26 orc wizards
  A hell rat (D:7)
  16 worker ants
  2 hound zombies
  4 hound skeletons
  A worker ant zombie (D:8)
  17 gnolls
  7 river rats (D:7)
  13 adders
  2 shadow imps
  2 oozes
  3 adder skeletons
  An adder zombie (D:8)
  2 worms
  6 dart slugs
  6 leopard geckos
  89 orcs
  7 bats
  5 giant cockroaches
  10 goblins
  9 hobgoblins
  15 jackals
  18 quokkas
  2 ball pythons
  3 frilled lizards
  27 kobolds
  A leopard gecko skeleton (D:4)
  22 rats
  2 bushes
  2 fungi (Lair:5)
  4 plants
947 creatures vanquished.

Vanquished Creatures (collateral kills)
  A harpy (Lair:6)
  3 elephants (Lair:6)
  2 black mambas (Lair:6)
  A spiny frog (Lair:6)
  2 rime drakes
  A freezing wraith (D:14)
  3 komodo dragons
  A wind drake (Lair:6)
  A troll (D:14)
  2 hippogriffs (Lair:6)
  3 wyverns (Lair:6)
  A basilisk (Lair:5)
  3 yaks
  A hog (Lair:5)
  4 water moccasins
  A porcupine (Lair:5)
  3 crocodiles
  A bullfrog (Lair:6)
  2 bushes (Lair:5)
  A fungus (Lair:6)
  2 plants (Lair:5)
39 creatures vanquished.

Vanquished Creatures (others)
  A bush (Lair:6)
  36 fungi
  29 plants
66 creatures vanquished.

Grand Total: 1052 creatures vanquished

Notes
Turn   | Place    | Note
-------+----------+-------------------------------------------
     0 | D:1      | KrozogBurug the Ogre Wizard began the quest for the Orb.
     0 | D:1      | Reached XP level 1. HP: 16/16 MP: 5/5
    37 | D:1      | Reached skill level 1 in Conjurations
   161 | D:1      | Reached XP level 2. HP: 19/24 MP: 0/6
   165 | D:1      | Learned a level 2 spell: Blink
   849 | D:1      | Reached skill level 1 in Maces & Flails
  1295 | D:1      | Reached XP level 3. HP: 26/31 MP: 8/8
  1307 | D:1      | Learned a level 3 spell: Conjure Flame
  1687 | D:2      | Found a white marble altar of Elyvilon.
  1930 | D:2      | Reached skill level 2 in Maces & Flails
  1930 | D:2      | Reached XP level 4. HP: 37/39 MP: 4/9
  1972 | D:2      | Learned a level 3 spell: Mephitic Cloud
  2444 | D:2      | Noticed Natasha
  2463 | D:2      | Killed Natasha
  2463 | D:2      | Reached XP level 5. HP: 44/45 MP: 4/10
  2540 | D:2      | Noticed Natasha
  2549 | D:2      | Killed Natasha
  2901 | D:2      | Noticed Natasha
  2910 | D:2      | Killed Natasha
  3466 | D:3      | Noticed Grinder
  3478 | D:3      | Noticed Grinder
  3478 | D:3      | Grinder changed into Grinder the blizzard demon
  3766 | D:4      | Reached skill level 3 in Maces & Flails
  3766 | D:4      | Reached skill level 1 in Fire Magic
  3766 | D:4      | Reached XP level 6. HP: 30/53 MP: 1/11
  3959 | D:4      | Noticed Sigmund
  3976 | D:4      | Killed Sigmund
  4096 | D:4      | Reached XP level 7. HP: 14/59 MP: 5/12
  4652 | D:4      | Reached skill level 4 in Maces & Flails
  4793 | D:4      | Found a staircase to the Ecumenical Temple.
  4804 | Temple   | Entered the Ecumenical Temple
  4834 | Temple   | Became a worshipper of Vehumet
  5714 | D:5      | Entered Level 5 of the Dungeon
  5720 | D:5      | Noticed Dowan
  5721 | D:5      | Noticed Duvessa
  6272 | D:4      | Found a staircase to the Ecumenical Temple.
  6472 | D:4      | Reached XP level 8. HP: 17/67 MP: 9/13
  7648 | D:5      | Reached skill level 5 in Maces & Flails
  7648 | D:5      | Reached skill level 5 in Conjurations
  8158 | D:5      | Noticed a troll
  8179 | D:5      | Killed a troll
  8179 | D:5      | Reached skill level 6 in Maces & Flails
  8179 | D:5      | Reached skill level 5 in Fire Magic
  8329 | D:5      | Killed Dowan
  8345 | D:5      | Killed Duvessa
  8345 | D:5      | Reached skill level 1 in Air Magic
  8557 | D:6      | Reached XP level 9. HP: 53/74 MP: 14/14
  8753 | D:6      | Reached * piety under Vehumet
  8753 | D:6      | Offered knowledge of Shock by Vehumet.
  8799 | D:6      | Reached skill level 1 in Translocations
  8803 | D:6      | Gained mutation: You are partially covered in large bone plates. (SH +4) [mutagenic meat]
  8804 | D:6      | Lost mutation: You are partially covered in large bone plates. (SH +4) [mutagenic meat]
  8805 | D:6      | Gained mutation: You do not regenerate when monsters are visible. [mutagenic meat]
  8806 | D:6      | Gained mutation: You are dopey. (Int -2) [mutagenic meat]
  9502 | D:6      | Reached skill level 7 in Maces & Flails
  9594 | D:6      | Reached skill level 1 in Fighting
 10255 | D:7      | Noticed Dmitry's ghost (novice CeHu)
 10390 | D:6      | Lost mutation: You are dopey. (Int -2) [mutagenic meat]
 10391 | D:6      | Gained mutation: Your spells are a little harder to cast, but a little more powerful. [mutagenic meat]
 10392 | D:6      | Gained mutation: You are resistant to hostile enchantments. (MR+) [mutagenic meat]
 10393 | D:6      | Gained mutation: Potions are less effective at restoring your health. [mutagenic meat]
 10394 | D:6      | Gained mutation: Your spells are harder to cast, but more powerful. [mutagenic meat]
 10735 | D:7      | Found Doinwu's Armour Shop.
 10809 | D:7      | Found a snail-covered altar of Cheibriados.
 10849 | D:7      | Killed Dmitry's ghost
 10849 | D:7      | Reached skill level 8 in Maces & Flails
 10849 | D:7      | Reached XP level 10. HP: 62/94 MP: 10/16
 11263 | D:7      | Reached skill level 5 in Fighting
 11451 | D:7      | Reached ** piety under Vehumet
 11489 | D:7      | Reached skill level 9 in Maces & Flails
 11969 | D:6      | Offered knowledge of Freeze by Vehumet.
 13421 | D:7      | Offered knowledge of Dazzling Spray by Vehumet.
 13426 | D:7      | Found a deep blue altar of Sif Muna.
 13431 | D:7      | Found a sacrificial altar of Ru.
 14261 | D:8      | Found a burning altar of Makhleb.
 14268 | D:8      | Found a basalt altar of Yredelemnul.
 14268 | D:8      | Found a blossoming altar of Fedhas.
 14493 | D:8      | Reached *** piety under Vehumet
 14946 | D:8      | Found Zin's Purification Station.
 14957 | D:8      | Found a glowing silver altar of Zin.
 15500 | D:8      | Found a burning altar of Makhleb.
 15501 | D:8      | Found a basalt altar of Yredelemnul.
 15501 | D:8      | Found a blossoming altar of Fedhas.
 15719 | D:8      | Found Zin's Purification Station.
 15724 | D:8      | Found a glowing silver altar of Zin.
 15926 | D:9      | Noticed Pikel
 16014 | D:9      | Offered knowledge of Sticky Flame by Vehumet.
 16021 | D:9      | Learned a level 4 spell: Sticky Flame
 16275 | D:9      | Found a stormy altar of Qazlal.
 16388 | D:9      | Reached skill level 10 in Maces & Flails
 16621 | D:9      | Found a staircase to the Lair.
 16627 | D:9      | Reached XP level 11. HP: 62/102 MP: 13/17
 16902 | D:9      | Reached **** piety under Vehumet
 17034 | D:9      | Offered knowledge of Fireball by Vehumet.
 17045 | D:9      | Learned a level 5 spell: Fireball
 17491 | D:9      | Paralysed by Pikel for 3 turns
 17497 | D:8      | Found a sparkling altar of Nemelex Xobeh.
 17497 | D:8      | Found an ornate altar of the Wu Jian Council.
 17504 | D:8      | Killed Pikel
 17757 | D:9      | Reached skill level 5 in Spellcasting
 17767 | D:9      | Gained mutation: You are clumsy. (Dex -2) [mutagenic meat]
 17768 | D:9      | Gained mutation: Your system is resistant to poisons. (rPois) [mutagenic meat]
 17805 | D:9      | Learned a level 1 spell: Animate Skeleton
 18351 | D:9      | Reached skill level 1 in Necromancy
 18456 | D:9      | Found a staircase to the Orcish Mines.
 18665 | D:10     | Entered Level 10 of the Dungeon
 19216 | D:10     | Noticed a two-headed ogre
 19698 | Lair:1   | Entered Level 1 of the Lair of Beasts
 19804 | Lair:1   | Reached ***** piety under Vehumet
 19815 | Lair:1   | Offered knowledge of Bolt of Fire by Vehumet.
 19820 | Lair:1   | Reached skill level 11 in Maces & Flails
 20678 | Lair:1   | Learned a level 6 spell: Freezing Cloud
 20972 | Lair:1   | Reached XP level 12. HP: 95/111 MP: 7/21
 21466 | Lair:1   | Noticed a two-headed ogre
 21470 | Lair:1   | Killed a two-headed ogre
 21470 | Lair:1   | Reached skill level 12 in Maces & Flails
 22348 | D:10     | Killed a two-headed ogre
 23408 | Orc:1    | Entered Level 1 of the Orcish Mines
 23516 | Orc:1    | Found Rawk's Assorted Antiques.
 23522 | Orc:1    | Bought a warped jade ring for 160 gold pieces
 23523 | Orc:1    | Lost dexterity.
 23523 | Orc:1    | Identified the cursed ring "Ulluew" {rElec rN++ AC-2 Int+3 Dex-5} (You bought it in a shop on level 1 of the Orcish Mines)
 23530 | Orc:1    | Bought a scroll of remove curse for 96 gold pieces
 23621 | Orc:1    | Noticed an orc warlord
 23991 | D:11     | Found a deep blue altar of Sif Muna.
 24162 | D:11     | Offered knowledge of Lee's Rapid Deconstruction by Vehumet.
 24297 | D:11     | Found Oskoogiu's Antique Weapon Emporium.
 24374 | D:11     | Reached XP level 13. HP: 118/118 MP: 5/22
 24395 | D:11     | Gained mutation: Your spells are much harder to cast, but much more powerful. [mutagenic meat]
 24758 | D:9      | Reached skill level 5 in Air Magic
 24764 | D:9      | Reached skill level 13 in Maces & Flails
 24851 | Lair:2   | Noticed Dmitry's ghost (journeyman CeHu)
 25262 | Lair:2   | Reached skill level 1 in Ice Magic
 25356 | Lair:2   | Killed Dmitry's ghost
 25523 | Lair:2   | Found a staircase to the Shoals.
 26446 | D:9      | Killed an orc warlord
 26751 | Orc:1    | Found a roughly hewn altar of Beogh.
 26946 | Orc:1    | Bought a leatherbound book for 480 gold pieces
 26966 | Orc:2    | Entered Level 2 of the Orcish Mines
 26977 | Orc:2    | Found a staircase to the Elven Halls.
 27219 | Orc:2    | Found Ludule's Food Boutique.
 27224 | Orc:2    | Offered knowledge of Lightning Bolt by Vehumet.
 27227 | Orc:2    | Bought a meat ration for 55 gold pieces
 27227 | Orc:2    | Bought a fruit for 16 gold pieces
 27227 | Orc:2    | Bought a meat ration for 55 gold pieces
 27227 | Orc:2    | Bought 2 fruits for 33 gold pieces
 27227 | Orc:2    | Bought a royal jelly for 22 gold pieces
 27227 | Orc:2    | Bought a meat ration for 55 gold pieces
 27227 | Orc:2    | Bought 4 fruits for 66 gold pieces
 27250 | Orc:2    | Reached skill level 14 in Maces & Flails
 27704 | Orc:1    | Learned a level 5 spell: Lightning Bolt
 28190 | Orc:2    | Noticed an ogre mage
 28200 | Orc:2    | Killed an ogre mage
 28200 | Orc:2    | Reached XP level 14. HP: 59/127 MP: 4/24
 30292 | Orc:2    | Offered knowledge of Conjure Ball Lightning by Vehumet.
 30491 | Orc:2    | Found Etefedoxu's Antique Weapon Shop.
 30491 | Orc:2    | Found Zopsua Haufu's Gadget Shoppe.
 30492 | Orc:2    | Found Ukke's Distillery.
 30492 | Orc:2    | Found Ywookiom's Armour Shop.
 30500 | Orc:2    | Bought a crystal ball of energy for 260 gold pieces
 31000 | D:12     | Found Pexkadog's Antique Weapon Shop.
 31015 | D:12     | Bought a runed giant club for 141 gold pieces
 31062 | D:12     | Found a runed door.
 31095 | D:12     | Found a runed door.
 31099 | D:12     | Reached skill level 10 in Conjurations
 31153 | D:12     | Reached ****** piety under Vehumet
 31250 | D:12     | Found a runed door.
 31262 | D:12     | Found a runed door.
 31269 | D:12     | Found a labyrinth entrance.
 31279 | Lab      | Entered a labyrinth
 31797 | Lab      | Reached skill level 15 in Maces & Flails
 31820 | Lab      | Identified the Almanac of Nocuous Dark Secrets
 31834 | Lab      | Got an iridescent flail
 31839 | Lab      | Identified the +6 flail "Patarig" {vamp, rElec rPois} (You found it in a labyrinth)
 32995 | Lair:3   | Noticed Urug
 33006 | Lair:3   | Found a hole to the Spider Nest.
 33284 | Lair:3   | Killed Urug
 35409 | Lair:4   | Reached XP level 15. HP: 113/148 MP: 16/25
 35861 | Lair:5   | Found a staircase to the Slime Pits.
 35872 | Lair:5   | Reached skill level 10 in Fighting
 35958 | Lair:5   | Offered knowledge of Iron Shot by Vehumet.
 37800 | Lair:6   | Entered Level 6 of the Lair of Beasts
 37804 | Lair:6   | Reached skill level 16 in Maces & Flails
 38512 | Lair:5   | Offered knowledge of Poison Arrow by Vehumet.
 38966 | Lair:5   | Found a staircase to the Slime Pits.
 39690 | Lair:6   | Noticed Kirke
 41343 | Lair:5   | Noticed a sphinx
 41567 | Lair:5   | Killed Kirke
 41775 | Lair:6   | Offered knowledge of Bolt of Cold by Vehumet.
 41785 | Lair:6   | Paralysed by a hornet for 2 turns
 41822 | Lair:6   | Found a snail-covered altar of Cheibriados.
 41831 | Lair:6   | Reached XP level 16. HP: 87/158 MP: 22/26
 42810 | Lair:6   | Got a scorched morningstar
 43312 | Lair:6   | Identified a scroll of acquirement
 43318 | Lair:6   | Got a brightly glowing morningstar
 43327 | Lair:6   | Identified the +10 morningstar of Joyful Slaughter {crush, rC+ rN+ Str+4} (You found it on level 6 of the Lair of Beasts)
 43328 | Lair:6   | Identified the +6 morningstar of Gin and Tonic {freeze, MP+9 Dex+3} (You found it on level 6 of the Lair of Beasts)
 43520 | Lair:6   | Found a snail-covered altar of Cheibriados.
 43948 | Lair:6   | Reached skill level 10 in Fire Magic
 44883 | D:12     | Found a runed door.
 45228 | D:12     | Got a jewelled hat
 45239 | D:12     | Identified the +0 hat of Tomojael {rPois rF+ Str-5} (You acquired it on level 12 of the Dungeon)
 45321 | D:12     | Found Pexkadog's Antique Weapon Shop.
 45481 | D:13     | Reached skill level 1 in Evocations
 45525 | D:13     | Found a flagged portal.
 45530 | D:13     | Offered knowledge of Fire Storm by Vehumet.
 45530 | D:13     | Offered knowledge of Chain Lightning by Vehumet.
 45530 | D:13     | Offered knowledge of Tornado by Vehumet.
 45535 | Bailey   | Entered a bailey
 45537 | Bailey   | Noticed Toogi's ghost (novice DrAr)
 45541 | Bailey   | Killed Toogi's ghost
 46424 | D:13     | Found a glowing golden altar of the Shining One.
 47879 | D:14     | Reached skill level 17 in Maces & Flails
 48491 | D:14     | Reached skill level 5 in Evocations
 49270 | D:14     | Found a gate to the Vaults.
 49473 | Spider:1 | Entered Level 1 of the Spider Nest
 49747 | Spider:1 | Reached XP level 17. HP: 166/166 MP: 21/27
 49767 | Spider:1 | HP: 10/249 [poisoned by a redback]
 49767 | Spider:1 | Slain by a redback

Vault maps used:
D:1:      lemuel_arrival_room, grunt_decor_resistance, nrook_mini_backslash
D:2:      elyvilon_altar_4, first_bread, minmay_stone_trees_small, uniq_natasha
D:3:      minmay_strange_pillars, kennysheep_generic_room_12, uniq_grinder,
          uniq_crazy_yiuf_cottage
D:4:      temple_fountains, uniq_sigmund
D:5:      hangedman_decor_push, uniq_duvessa
D:6:      hangedman_cross_stitches
D:7:      lemuel_ratsnest, slow_altar_2, kennysheep_mini, serial_shops, shop,
          nicolae_ru_sacrificial_ziggurat
D:8:      nicolae_overflow_hidden_temple, zin_purify
D:9:      grunt_qazlal_clouds, erik_lair_orcish_takeover, david_orc_4,
          uniq_pikel
D:11:     serial_shops, shop, basic_altar, the_bakery
D:12:     serial_shops, nicolae_shop_temple_entry_statues_fountains,
          lab_entry_generic, minmay_statue_crystal_thing
D:13:     enter_bailey_7, tso_metal_star
D:14:     david_vaults_5, minmay_misc_feat_nine_boxes, minivault_4
Temple:   minmay_temple_bridge_abc
Lair:1:   hangedman_lair_generics_rect
Lair:2:   minmay_shoals_entry_lonely_mermaid, minmay_lair_oklob_chamber
Lair:3:   dummy_spider_entry, grunt_megastairs_3, uniq_urug
Lair:4:   cheibrodos_lair_reptile_den
Lair:5:   dragon1_lemuel, slime_dummy, special_room
Lair:6:   gammafunk_lair_ancient_temple, basic_altar, minmay_stone_trees_medium,
          uniq_kirke
Orc:1:    serial_shops, nicolae_shop_overgrown_old_shop, minmay_orc_temple_c
Orc:2:    st_orc_ogre_mass, serial_shops, shop
Lab:      nicolae_lab_stuck, nicolae_lab_statue, labyrinth_lava_lair,
          nicolae_lab_quarters, lab_fountain
Bailey:   bailey_axe_4, bailey

Skill      XL: |  1  2  3  4  5  6  7  8  9 10 11 12 13 14 15 16 |
---------------+-------------------------------------------------+-----
Conjurations   | 1 2 3 4 5 6 8 10 12 | 12.0
Maces & Flails | 1 2 3 4 6 8 10 11 12 14 15 16 17 | 17.3
Fire Magic     | 1 2 4 5 7 8 10 | 10.2
Air Magic      | 1 2 4 6 |  6.3
Translocations | 3 |  3.1
Spellcasting   | 4 6 7 |  7.0
Fighting       | 4 5 9 10 | 10.0
Necromancy     | 4 |  4.2
Ice Magic      | 4 |  4.0
Evocations     | 6 |  6.0
Dodging        | |  1.7
Stealth        | |  1.4
Summonings     | |  0.8

Action                   |  1- 3 |  4- 6 |  7- 9 | 10-12 | 13-15 | 16-18 || total
-------------------------+-------+-------+-------+-------+-------+-------++-------
Melee: Mace              |    84 |   102 |   181 |       |       |       ||   367
       Unarmed           |       |     4 |       |       |       |       ||     4
       Flail             |       |       |   278 |   995 |   584 |    72 ||  1929
       Morningstar       |       |       |       |       |       |   239 ||   239
 Cast: Magic Dart        |    28 |    58 |   132 |   205 |       |       ||   423
       Conjure Flame     |       |     1 |     9 |    16 |       |       ||    26
       Mephitic Cloud    |       |     1 |     9 |    21 |     1 |       ||    32
       Blink             |       |       |     3 |    19 |    26 |     8 ||    56
       Sticky Flame      |       |       |       |    26 |    19 |     1 ||    46
       Fireball          |       |       |       |    85 |   252 |   123 ||   460
       Freezing Cloud    |       |       |       |     2 |     5 |     9 ||    16
       Lightning Bolt    |       |       |       |       |    59 |    14 ||    73
       Animate Skeleton  |       |       |       |       |    33 |    52 ||    85
Evoke: Wand              |       |     3 |       |     3 |     8 |     3 ||    17
       Crystal ball of e |       |       |       |       |       |     1 ||     1
  Use: Scroll            |       |     8 |     9 |    13 |    15 |    12 ||    57
       Potion            |       |       |       |     5 |    10 |     6 ||    21
 Stab: Sleeping          |       |     1 |     1 |     1 |       |       ||     3
       Confused          |       |       |     1 |     7 |       |       ||     8
       Distracted        |       |       |     1 |       |     1 |     1 ||     3
  Eat: Chunk             |     3 |     6 |    26 |    55 |    58 |    30 ||   178
       Fruit             |       |     1 |     3 |    11 |    10 |     4 ||    29
       Bread ration      |       |       |     1 |     2 |     7 |     1 ||    11
       Royal jelly       |       |       |       |     1 |     6 |     4 ||    11
       Meat ration       |       |       |       |     1 |     6 |     3 ||    10
Armor: Robe              |    65 |    65 |   227 |   445 |   148 |    82 ||  1032
       Skin              |       |       |       |    38 |       |       ||    38
       Fire dragon scale |       |       |       |       |       |    40 ||    40
Dodge: Dodged            |    62 |    92 |   241 |   430 |   229 |   156 ||  1210
